 Dungeon Crawl Stone Soup version 0.28-a0-653-g7e9dba17c3 (webtiles) character file.

Game seed: 7271219564796043819

204 blank1 the Chopper (level 5, -7/48 HPs)
             Began as a Hill Orc Cinder Acolyte on Oct 11, 2021.
             Was a High Priest of Ignis.
             Splashed by a jelly's acid (9 damage)
             ... on level 3 of the Dungeon.
             The game lasted 00:04:12 (1509 turns).

blank1 the Chopper (Hill Orc Cinder Acolyte)        Turns: 1509, Time: 00:04:13

Health: -7/48      AC: -2    Str: 18    XL:     5   Next: 82%
Magic:  8/8        EV: 10    Int: 14    God:    Ignis [*****.]
Gold:   115        SH:  0    Dex:  6    Spells: 8/8 levels left

rFire   + . .      SeeInvis .   a - -1 hand axe (flame)
rCold   . . .      Faith    .   (no shield)
rNeg    . . .      Spirit   .   f - +0 ring mail
rPois   .          Reflect  .   (no helmet)
rElec   .          Harm     .   (no cloak)
rCorr   .          Rampage  .   (no gloves)
Will    .....                   (no boots)
Stlth   ..........              (no amulet)
HPRegen 0.16/turn               (no ring)
MPRegen 0.11/turn               (no ring)

@: corroded
A: no striking features
a: Renounce Religion, Sea of Fire, Foxfire Swarm, Rising Flame


You were on level 3 of the Dungeon.
You worshipped Ignis.
Ignis was extremely pleased with you.
You visited 1 branch of the dungeon, and saw 3 of its levels.

You collected 115 gold pieces.

Inventory:

Hand Weapons
 a - a -1 hand axe of flaming (weapon)
Armour
 f - a +0 ring mail (worn)
Scrolls
 b - a scroll of noise {unknown}
 d - 3 scrolls of identify {unknown}
 h - a scroll of magic mapping {unknown}
Potions
 c - a potion of berserk rage {unknown}
 e - a potion of flight {unknown}
 g - 2 potions of curing {unknown}
 i - a potion of lignification {unknown}


   Skills:
 - Level 5.0 Fighting
 - Level 5.0 Axes
 + Level 2.0 Armour
 + Level 1.0 Dodging
 - Level 2.0 Spellcasting
 - Level 4.0 Fire Magic


You had 8 spell levels left.
You didn't know any spells.
Your spell library contained the following spells:

 Spells                   Type           Power      Damage    Failure   Level
 Scorch                   Fire           24%        2d6       12%         2


Dungeon Overview and Level Annotations

Branches:
Dungeon (3/15)

Altars:
Uskayaw

Shops:
D:2 =


Message History

No reachable target in view!
Unknown command.
HP restored.
Found a hide-covered altar of Uskayaw.
You see here a hobgoblin corpse.
You now have 115 gold pieces (gained 12).
d - 3 scrolls labelled RUSELE GEUKYF (gained 1)
Found a stone staircase leading down.
You feel as though Xom is toying with you.
Suddenly, the walls become transparent!
You open the door.
A jelly comes into view.
The jelly quivers.
You hit the jelly. You burn the jelly.
Your hands burn!
The jelly is moderately wounded.
The jelly hits you. The acid corrodes you!
You are splashed with acid!
You hit the jelly but do no damage.
Your hands burn!
The jelly is moderately wounded.
The jelly completely misses you.
You hit the jelly. You burn the jelly.
Your hands burn!
The jelly is severely wounded.
The jelly hits you. The acid corrodes you!
You are splashed with acid.
You are too injured to fight recklessly!
You are too injured to fight recklessly!
You are too injured to fight recklessly!
You barely miss the jelly.
The jelly is severely wounded.
The jelly hits you.
You are splashed with acid!
* * * LOW HITPOINT WARNING * * *
You hit the jelly. You burn the jelly.
Your hands burn!
* * * LOW HITPOINT WARNING * * *
The jelly is severely wounded.
The jelly barely misses you.
You hit the jelly but do no damage.
Your hands burn!
* * * LOW HITPOINT WARNING * * *
The jelly is severely wounded.
The jelly hits you.
* * * LOW HITPOINT WARNING * * *
You are splashed with acid!
You die...

#...# #...+ ..#...#
..#...# #.#...+
#.#...# #.#...###
#.#.@J'.+ #.#...###
#. ##.#..## ..#
#....## #.# #....#
#.#######....### #
#.#............##
#.##.#.##.......>....
#.#....#..(.......##.


You could see a jelly.

Vanquished Creatures
  Sigmund (D:2)
  3 gnolls (D:2)
  A worm (D:2)
  A giant cockroach (D:2)
  2 goblins (D:1)
  4 hobgoblins
  5 kobolds
  2 ball pythons (D:2)
  3 bats
  A frilled lizard (D:1)
  3 rats
26 creatures vanquished.

Vanquished Creatures (others)
  21 foxfires (D:2)
21 creatures vanquished.

Grand Total: 47 creatures vanquished

Notes
Turn   | Place    | Note
-------+----------+-------------------------------------------
     0 | D:1      | blank1 the Hill Orc Cinder Acolyte began the quest for the
                  | Orb.
     0 | D:1      | Reached XP level 1. HP: 19/19 MP: 2/2
   375 | D:1      | Reached XP level 2. HP: 26/27 MP: 3/3
   466 | D:1      | Found a faded altar of an unknown god.
   691 | D:2      | Found Vacw's Jewellery Emporium.
   694 | D:2      | Noticed Sigmund
   716 | D:2      | Killed Sigmund
   717 | D:2      | Reached skill level 1 in Armour
   717 | D:2      | Reached skill level 1 in Dodging
   717 | D:2      | Reached XP level 3. HP: 29/34 MP: 3/6
   717 | D:2      | Reached XP level 4. HP: 35/41 MP: 3/7
   717 | D:2      | Reached XP level 5. HP: 40/47 MP: 3/8
   806 | D:2      | Reached skill level 5 in Axes
  1158 | D:2      | Reached skill level 5 in Fighting
  1455 | D:3      | Noticed a +0 hand axe
  1455 | D:3      | Noticed a +0 dagger
  1479 | D:3      | Found a hide-covered altar of Uskayaw.
  1509 | D:3      | HP: 2/48 [jelly (2)]
  1509 | D:3      | Splashed by a jelly's acid

Illustrated notes

Levels and vault maps discovered:
D:1:      dpeg_arrival_arbitrary_b, layout_rooms,
          hellmonk_ecumenical_altar_leap_of_faith, st_stairs_14
D:2:      layout_basic, serial_shops, shop, uniq_sigmund
D:3:      layout_loops_ring, dancing_weapons_uskayaw, dk_xom_monty_hall,
          serial_shops, nicolae_shop_temple_entry_statues_fountains

Skill      XL: |  1  2  3  4  5 |
---------------+----------------+-----
Fighting       | 4 5 |  5.0
Spellcasting   | 2 |  2.0
Fire Magic     | 4 |  4.0
Armour         | 1 2 |  2.0
Dodging        | 1 |  1.0
Axes           | 5 |  5.0

Action                   |  1- 3 |  4- 6 || total
-------------------------+-------+-------++-------
Melee: Hand axe          |    31 |    57 ||    88
Invok: Sea of Fire       |     1 |       ||     1
       Foxfire Swarm     |     1 |       ||     1
Armor: Ring mail         |    11 |    11 ||    22
Dodge: Dodged            |    11 |    20 ||    31

Table legend: (Time is in decaauts)
 A = Elapsed time spent in this place.
 B = Non-inter-level travel time spent in this place.
 C = Inter-level travel time spent in this place.
 D = Time resting spent in this place.
 E = Time spent auto-exploring this place.
 F = Levels seen in this place.
 G = Mean time per level.
                   A        B        C        D        E       F      G
               +--------+--------+--------+--------+--------+-----+--------+
         Total |   1514 |   1481 |     33 |    274 |    948 |   3 |  504.7 |
       Dungeon |   1514 |   1481 |     33 |    274 |    948 |   3 |  504.7 |
               +--------+--------+--------+--------+--------+-----+--------+

Top non-repeatable levels by time:
     D:2: 949 daAuts
     D:1: 509 daAuts
     D:3: 54 daAuts
